 Dungeon Crawl Stone Soup version 0.30-a0-918-g0ff054e9dc (webtiles) character file.

Game seed: 2314495172472451695

4489 Iniera the Destroyer (level 10, -5/51 HPs)
             Began as a Vine Stalker Conjurer on Mar 21, 2023.
             Was an Initiate of Vehumet.
             Slain by a red ugly thing (11 damage)
             ... on level 7 of the Dungeon.
             The game lasted 00:19:29 (8640 turns).

Iniera the Destroyer (Vine Stalker Conjurer)        Turns: 8640, Time: 00:19:29

Health: -5/51      AC:  5    Str: 11    XL:     10   Next: 38%
Magic:  0/21       EV: 13    Int: 22    God:    Vehumet [......]
Gold:   468        SH:  0    Dex: 12    Spells: 9/23 levels left

rFire   . . .      SeeInvis .    i - +2 short sword (vamp)
rCold   . . .      Faith    .    (no shield)
rNeg    . . .      Spirit   +    b - +0 steam dragon scales
rPois   .          Reflect  .    (no helmet)
rElec   .          Rampage  .    (no cloak)
rCorr   +                        (no gloves)
Will    +....                    (no boots)
Stlth   ++                       k - amulet of regeneration
HPRegen 1.88/turn                d - ring of resist corrosion
MPRegen 0.17/turn                n - ring of flight

@: about to teleport, flying, invisible
A: fangs 3, regeneration 1, magic shield, antimagic bite, no potion heal 2
a: Renounce Religion


You were on level 7 of the Dungeon.
You worshipped Vehumet.
Vehumet was noncommittal.
You visited 2 branches of the dungeon, and saw 8 of its levels.

You collected 468 gold pieces.

Inventory:

Hand Weapons
 i - a +2 vampiric short sword (weapon)
 j - a +0 rapier
Armour
 b - +0 steam dragon scales (worn)
Jewellery
 d - a ring of resist corrosion (left hand)
 k - an amulet of regeneration (around neck)
 n - a ring of flight (right hand)
Wands
 g - a wand of polymorph (17)
 o - a wand of flame (23)
Scrolls
 m - a scroll of immolation
 p - a scroll of fog
Potions
 a - 2 potions of resistance {unknown}
 c - a potion of berserk rage
 e - a potion of curing {unknown}
 f - a potion of ambrosia
 h - 3 potions of invisibility
 q - a potion of degeneration {unknown}


   Skills:
 + Level 4.8 Fighting
 + Level 3.4 Dodging
 - Level 2.4 Stealth
 + Level 7.0 Spellcasting
 + Level 8.8 Conjurations
 - Level 4.2 Hexes
 - Level 4.3 Translocations
 + Level 5.2 Earth Magic


You had 9 spell levels left.
You knew the following spells:

 Your Spells              Type           Power      Damage    Failure   Level
a - Magic Dart            Conj           100%       1d8       1%          1
b - Searing Ray           Conj           92%        2d7       1%          2
c - Fulminant Prism       Conj/Hex       18%        3d10      5%          4
d - Iskenderun's Mystic   Conj/Tloc      37%        2d9       5%          4
e - Stone Arrow           Conj/Erth      76%        3d11      1%          3

Your spell library contained the following spells:

 Spells                   Type           Power      Damage    Failure   Level
 Apportation              Tloc           54%        N/A       1%          1
 Lesser Beckoning         Tloc           54%        N/A       1%          2
 Dazzling Flash           Conj/Hex       72%        N/A       1%          3
 Gell's Gravitas          Tloc           27%        N/A       4%          3
 Teleport Other           Tloc           27%        N/A       4%          3
 Necrotise                Necr           28%        1d5       9%          1
 Summon Small Mammal      Summ           28%        N/A       9%          1
 Frozen Ramparts          Ice            14%        1d3       24%         3
 Animate Armour           Summ/Erth      38%        N/A       28%         4
 Ice Form                 Ice/Tmut       7%         N/A       63%         4
 Summon Ice Beast         Ice/Summ       7%         N/A       63%         4
 Summon Mana Viper        Hex/Summ       17%        N/A       67%         5
 Monstrous Menagerie      Summ           3%         N/A       100%        7
 Lehudib's Crystal Spear  Conj/Erth      19%        10d6      100%        8


Dungeon Overview and Level Annotations

Branches:
Dungeon (7/15)             Temple (1/1) D:6

Altars:
Ashenzari
Cheibriados
Elyvilon
Fedhas
Hepliaklqana
Kikubaaqudgha
Makhleb
Nemelex Xobeh
Qazlal
Sif Muna
Trog
Uskayaw
Vehumet
Wu Jian
Xom
Yredelemnul


Innate Abilities, Weirdness & Mutations

You have razor-sharp teeth.
Your natural rate of healing is unusually fast.
When hurt, damage is shared between your health and your magic reserves.
Your bite disrupts and absorbs the magic of your enemies.
Potions cannot restore your health.


Message History

The wight is knocked back by the mystic blast.
The wight collides with the red ugly thing!
The red ugly thing is moderately wounded.
You destroy the wight!
Vehumet accepts your kill.
You hear an angry hiss.
You hear a shout!
A bullfrog comes into view.
Your life force feels restored.
Unknown command.
Okay, then.
Casting: Iskenderun's Mystic Blast (dangerous; 5% risk of failure)
Confirm with . or Enter, or press ? or * to list all spells.
Aiming: Stone Arrow (safe; 1% risk of failure)
Press: ? - help, Shift-Dir - straight line, f - red ugly thing
Aim: a red ugly thing (moderately wounded, 74% to hit)
The stone arrow misses the red ugly thing.
The stone arrow hits the scorpion!!
You kill the scorpion!
Vehumet accepts your kill.
You hear an angry hiss.
The red ugly thing tail-slaps you!
You are engulfed in flames!
Casting: Stone Arrow (safe; 1% risk of failure)
Confirm with . or Enter, or press ? or * to list all spells.
Aiming: Stone Arrow (safe; 1% risk of failure)
Press: ? - help, Shift-Dir - straight line, f/p - red ugly thing
Aim: a red ugly thing (moderately wounded, 74% to hit)
The stone arrow hits the red ugly thing!!
The red ugly thing is heavily wounded.
The water moccasin hisses angrily.
A komodo dragon comes into view.
The red ugly thing barely misses you.
As you read the scroll of teleportation, it crumbles to dust.
You feel strangely unstable. The red ugly thing tail-slaps you.
You are engulfed in flames!!
* * * LOW HITPOINT WARNING * * *
You fade into invisibility!
The red ugly thing tail-slaps you!
* * * LOW HITPOINT WARNING * * *
You are engulfed in flames!
You die...

♣ ♣♣.....♣♣ ♣♣.♣♣#..###.##
♣♣♣♣♣..PPP..♣♣♣♣♣♣.♣.♣#..##...##
.......P~P........♣♣♣.#..#.....#
♣♣♣♣♣..PPP..♣♣♣♣♣♣.♣.♣#..#...###
♣ ♣♣.....♣♣ ♣♣÷♣♣#.......# #
####### #.# #.......## #.
♣♣.♣♣#........#
#l♣♣♣#♣...♣#........#
#.SFu@.....#.#..†...#
#.♣♣♣#♣...♣#.#......## #.
♣♣.♣♣#.>.......# #############
###.###.........#
♣♣...♣...♣...♣♣♣.♣.♣.#.........#
#♣..♣...#...♣..♣♣..♣..#.........#
..♣♣♣♣♣#.#♣♣♣♣♣.......#..##......
♣♣..♣...#...♣..♣♣..♣..#..........
♣♣...♣...♣...♣♣♣.♣.♣.#..........


You could see a red ugly thing (unable to see you), a komodo dragon (wandering,
unable to see you), a water moccasin (unable to see you) and a bullfrog (unable
to see you).

Vanquished Creatures
  A two-headed ogre (D:6)
  Pikel (D:5)
  Grinder (D:5)
  Sigmund (D:5)
  A vampire mosquito (D:5)
  2 steam dragons (D:6)
  A water moccasin (D:7)
  3 black bears
  A sky beast (D:4)
  2 ice beasts
  3 ogres
  2 centaurs (D:6)
  2 phantoms (D:6)
  A lemure (D:5)
  4 bullfrogs (D:7)
  6 scorpions
  A wight (D:7)
  5 killer bees (D:7)
  A howler monkey (D:5)
  An orc priest (D:6)
  3 jellies
  2 hounds
  A sleepcap (D:5)
  4 iguanas
  An orc wizard (D:6)
  A gnoll (D:6)
  12 adders
  A shadow imp (D:6)
  2 white imps
  An ufetubus (D:5)
  3 worms
  2 dart slugs
  15 orcs
  4 bats
  5 endoplasms
  3 giant cockroaches
  7 goblins
  4 hobgoblins
  7 jackals
  6 quokkas
  5 ball pythons
  12 frilled lizards
  3 kobolds
  7 rats
151 creatures vanquished.

Vanquished Creatures (others)
  5 fulminant prisms
5 creatures vanquished.

Grand Total: 156 creatures vanquished

Notes
Turn   | Place    | Note
-------+----------+-------------------------------------------
     0 | D:1      | Iniera the Vine Stalker Conjurer began the quest for the
                  | Orb.
     0 | D:1      | Reached XP level 1. HP: 9/9 MP: 4/4
   426 | D:1      | Reached XP level 2. HP: 13/13 MP: 1/6
   531 | D:1      | Found a faded altar of an unknown god.
  1046 | D:2      | Reached XP level 3. HP: 14/16 MP: 2/8
  1123 | D:2      | Identified the ring "Epepupt" {*Slow Fly Int+5}
  1315 | D:2      | Learned a level 2 spell: Searing Ray
  1909 | D:2      | Reached skill level 5 in Conjurations
  1985 | D:3      | Gained mutation: Your natural rate of healing is unusually
                  | fast. [Vine Stalker growth]
  1985 | D:3      | Reached XP level 4. HP: 21/21 MP: 1/9
  2555 | D:3      | Learned a level 4 spell: Fulminant Prism
  2854 | D:3      | Found a white marble altar of Elyvilon.
  2854 | D:3      | Found a broken altar of Ashenzari.
  2874 | D:4      | Reached XP level 5. HP: 24/24 MP: 4/11
  3019 | D:4      | Reached skill level 6 in Conjurations
  3578 | D:4      | Noticed a sky beast
  3590 | D:4      | Killed a sky beast
  3591 | D:4      | Reached XP level 6. HP: 28/28 MP: 4/13
  3662 | D:4      | Learned a level 4 spell: Iskenderun's Mystic Blast
  3917 | D:5      | Entered Level 5 of the Dungeon
  4206 | D:5      | Noticed Grinder
  4215 | D:5      | Killed Grinder
  4216 | D:5      | Reached skill level 1 in Fighting
  4216 | D:5      | Reached skill level 1 in Hexes
  4216 | D:5      | Reached skill level 1 in Translocations
  4216 | D:5      | Reached skill level 1 in Earth Magic
  4216 | D:5      | Reached XP level 7. HP: 23/33 MP: 2/14
  4325 | D:5      | Reached skill level 7 in Conjurations
  4811 | D:5      | Reached skill level 5 in Spellcasting
  4811 | D:5      | Gained mutation: You have razor-sharp teeth. [Vine Stalker
                  | growth]
  4811 | D:5      | Reached XP level 8. HP: 39/39 MP: 4/16
  4891 | D:5      | Noticed Sigmund
  4982 | D:4      | Learned a level 3 spell: Stone Arrow
  4986 | D:5      | Killed Sigmund
  5360 | D:5      | Found a sparkling altar of Nemelex Xobeh.
  5402 | D:5      | Found a basalt altar of Yredelemnul.
  5506 | D:6      | Noticed Pikel
  5564 | D:5      | Killed Pikel
  5716 | D:6      | Reached XP level 9. HP: 44/44 MP: 4/18
  5962 | D:5      | HP: 2/44 [vampire mosquito (9)]
  6113 | D:5      | Reached skill level 8 in Conjurations
  6232 | D:6      | Noticed a two-headed ogre
  6238 | D:6      | Killed a two-headed ogre
  6882 | D:6      | Reached XP level 10. HP: 48/49 MP: 10/20
  7276 | D:6      | Found a staircase to the Ecumenical Temple.
  7335 | Temple   | Entered the Ecumenical Temple
  7656 | Temple   | Became a worshipper of Vehumet
  7709 | D:6      | Found a hazy altar of Hepliaklqana.
  7710 | D:6      | Found a burning altar of Makhleb.
  7955 | D:7      | Reached skill level 5 in Earth Magic
  8633 | D:7      | Noticed a red ugly thing
  8640 | D:7      | Slain by a red ugly thing

Illustrated notes

Levels and vault maps discovered:
D:1:      minmay_arrival_split_and_join, layout_basic,
          dreamdust_ecumenical_altar_statues
D:2:      layout_loops_ring, minmay_lizard_pond
D:3:      layout_basic, nicolae_overflow_two_pavilions
D:4:      layout_gridville
D:5:      layout_basic, amethyst_overflow_temple_binary, uniq_sigmund,
          uniq_grinder
D:6:      cheibrodos_fzero, layout_rooms, gammafunk_temple_overflow_wave,
          minmay_temple_entry_proselytizer, uniq_pikel
D:7:      nzn_winding_woodlands_medium [nzn_winding_woodlands_5x5_closed_star,
          nzn_winding_woodlands_5x15_garden, nzn_winding_woodlands_5x5_three,
          nzn_winding_woodlands_5x5_default,
          nzn_winding_woodlands_center_pierced_h,
          nzn_winding_woodlands_5x5_default, nzn_winding_woodlands_hourglass,
          nzn_winding_woodlands_5x15_twine, nzn_winding_woodlands_5x5_default],
          layout_cave_pools
Temple:   minmay_temple_forest_path

Skill      XL: |  1  2  3  4  5  6  7  8  9 10 |
---------------+-------------------------------+-----
Spellcasting   | 3 4 5 6 7 |  7.0
Conjurations   | 5 6 7 8 |  8.8
Fighting       | 1 3 4 |  4.8
Hexes          | 1 3 4 |  4.2
Translocations | 1 2 3 4 |  4.3
Earth Magic    | 1 2 3 4 5 |  5.2
Dodging        | 2 3 |  3.4
Stealth        | |  2.4

Action                     |  1- 3 |  4- 6 |  7- 9 | 10-12 || total
---------------------------+-------+-------+-------+-------++-------
  Melee: Unarmed           |    21 |       |       |       ||    21
         Bite              |     6 |     3 |    20 |    21 ||    50
         Short sword       |       |     7 |    52 |    67 ||   126
   Cast: Magic Dart        |    63 |    99 |    56 |    33 ||   251
         Searing Ray       |       |     5 |     8 |       ||    13
         Fulminant Prism   |       |     1 |     4 |       ||     5
         Stone Arrow       |       |       |    42 |    16 ||    58
         Iskenderun's Myst |       |       |     4 |     4 ||     8
    Use: Scroll            |     1 |     7 |     6 |     4 ||    18
         Potion            |       |       |     1 |     1 ||     2
 Armour: Robe              |     2 |     2 |     2 |       ||     6
         Steam dragon scal |       |       |    11 |    22 ||    33
  Dodge: Dodged            |    12 |     5 |    54 |    42 ||   113

Table legend: (Time is in decaauts)
 A = Elapsed time spent in this place.
 B = Non-inter-level travel time spent in this place.
 C = Inter-level travel time spent in this place.
 D = Time resting spent in this place.
 E = Time spent auto-exploring this place.
 F = Levels seen in this place.
 G = Mean time per level.
                   A        B        C        D        E       F      G
               +--------+--------+--------+--------+--------+-----+--------+
         Total |   8646 |   8388 |    258 |    912 |   6263 |   8 | 1080.8 |
       Dungeon |   8302 |   8109 |    193 |    912 |   5995 |   7 | 1186.0 |
        Temple |    343 |    278 |     65 |      0 |    268 |   1 |  343.0 |
               +--------+--------+--------+--------+--------+-----+--------+

Top non-repeatable levels by time:
     D:5: 2187 daAuts
     D:4: 1212 daAuts
     D:6: 1203 daAuts
     D:2: 996 daAuts
     D:1: 980 daAuts
     D:3: 890 daAuts
     D:7: 832 daAuts
  Temple: 343 daAuts
